 Dungeon Crawl Stone Soup version 0.27.0-1-g7a08968 (webtiles) character file.

Game seed: 16840105664794072632

1631 Illumine the Cudgeller (level 8, -5/59 (63) HPs)
             Began as a Mummy Monk on Aug 9, 2021.
             Was a Priest of Ru.
             Slain by a hornet (12 damage)
             ... on level 7 of the Dungeon.
             The game lasted 00:17:19 (9705 turns).

Illumine the Cudgeller (Mummy Monk)                 Turns: 9705, Time: 00:17:20

HP:   -5/59 (63)    AC: 14    Str: 16    XL:     8   Next: 65%
MP:   8/8           EV:  5    Int: 10    God:    Ru [***...]
Gold: 356           SH:  0    Dex: 14    Spells: 7/7 levels left

rFire    x . .     SeeInvis .   a - +0 mace
rCold    + . .     Faith    .   (no shield)
rNeg     + + +     Spirit   .   d - +0 plate armour
rPois    ∞         Reflect  .   e - +0 helmet
rElec    .         Harm     .   q - scarf {repulsion}
rCorr    .         Rampage  .   (no gloves)
Will     +....                  s - +0 pair of boots
Stlth    ..........             h - amulet of magic regeneration
HPRegen  0.19/turn              (no ring)
MPRegen  0.36/turn              (no ring)

@: exhausted, drained, repel missiles
A: cold resistance 1, negative energy resistance 3, torment resistance 2, heat
vulnerability 1, hated by all, no earth magic, no hexes magic, no necromancy
magic, no potions
a: Renounce Religion, Draw Out Power


You were on level 7 of the Dungeon.
You worshipped Ru.
Ru was most pleased with you.
You visited 2 branches of the dungeon, and saw 8 of its levels.

You collected 356 gold pieces.

Inventory:

Hand Weapons
 a - a +0 mace (weapon)
 i - a +0 shortbow
Missiles
 b - 61 poisoned darts (quivered)
 c - 9 curare-tipped darts
 j - 38 bolts
 k - 8 datura-tipped darts
 l - 24 sling bullets
 p - 2 javelins
 r - 2 throwing nets
 u - 105 stones
Armour
 d - a +0 plate armour (worn)
 e - a +0 helmet (worn)
 q - a scarf of repulsion (worn)
 s - a +0 pair of boots (worn)
Jewellery
 h - an amulet of magic regeneration (around neck)
 w - a ring of ice
Wands
 n - a wand of digging (1)
 t - a wand of paralysis (9)
Scrolls
 f - a scroll of identify
 g - a scroll of vulnerability
 m - 2 scrolls of teleportation
 o - a scroll of holy word
 v - a scroll of blinking {unknown}
 x - a scroll of enchant armour {unknown}


   Skills:
 + Level 5.4 Fighting
 * Level 6.9 Maces & Flails
 + Level 2.7 Throwing
 + Level 4.0 Armour
 - Level 2.7 Dodging
 - Level 1.5 Stealth


You had 7 spell levels left.
You didn't know any spells.
Your spell library contained the following spells:

 Spells                   Type           Power      Damage    Failure   Level
 Animate Dead             Necr           Unusable   N/A       N/A         4
 Haunt                    Necr/Summ      Unusable   N/A       N/A         7
 Infestation              Necr           Unusable   N/A       N/A         8

Dungeon Overview and Level Annotations

Branches:
Dungeon (7/15)             Temple (1/1) D:5

Altars:
Ashenzari
Fedhas
Gozag
Hepliaklqana
Kikubaaqudgha
Makhleb
Nemelex Xobeh
Ru
Sif Muna
Uskayaw
Vehumet
Wu Jian
Yredelemnul
Zin
The Shining One

Annotations:
D:3 2 transporters, afterthought's ghost, weakling MfFi


Innate Abilities, Weirdness & Mutations

You are immune to poison.
Your flesh is cold resistant. (rC+)
You are immune to negative energy. (rN+++)
You are immune to unholy pain and torment.
You are vulnerable to heat. (rF-)
You are hated by all.
You cannot study or cast Earth magic.
You cannot study or cast Hexes magic.
You cannot study or cast Necromancy magic.
You do not drink.


Message History

The hornet is severely wounded.
The hornet barely misses you. The hornet stings you.
You hit the hornet but do no damage.
The hornet is severely wounded.
The hornet stings you but does no damage.
You closely miss the hornet.
The hornet is severely wounded.
The hornet stings you.
The hornet stings you but does no damage.
You completely miss the hornet.
The hornet is severely wounded.
The hornet barely misses you. The hornet stings you!
You focus your inner power and blind the hornet in retribution!
You catch the helpless hornet completely off-guard!
You hit the hornet but do no damage.
The hornet is heavily wounded.
The hornet stings you but does no damage.
You closely miss the hornet.
The hornet is heavily wounded.
The hornet barely misses you. The hornet stings you.
* * * LOW HITPOINT WARNING * * *
You are restored by drawing out deep reserves of power within.
You feel drained. The hornet stings you!
You miss the hornet.
The hornet is heavily wounded.
The hornet stings you. x2
You sock the hornet!
The hornet is severely wounded.
The hornet stings you but does no damage.
You catch the helpless hornet completely off-guard!
You hit the hornet.
The hornet is almost dead.
The hornet is no longer blind.
The hornet barely misses you. The hornet stings you.
You closely miss the hornet.
The hornet is almost dead.
The hornet stings you!
* * * LOW HITPOINT WARNING * * *
The hornet stings you!
You die...

#........................
#.#######....##..........
#. #....##.........# #
#........# ..>..#
#........##.....#
####+##.........# ...
#.......<.# ....
#.........# .....
+.@##...###
......#y###...#
..........#.....
..........# .....
..........# ..##.
######....# ## #....#
#....+ #....#


You could see a hornet.

Vanquished Creatures
  Eustachio (D:4)
  A sky beast (D:5)
  2 black bears
  An orc warrior (D:6)
  5 ogres
  A phantom (D:5)
  2 scorpions
  A centaur zombie (D:6)
  2 orc priests (D:5)
  A gnoll (D:6)
  3 hounds
  An iguana (D:5)
  An orc wizard (D:4)
  Natasha (thrice) (D:4)
  6 adders
  A shadow imp (D:5)
  2 ufetubi (D:4)
  4 adder skeletons (D:4)
  A dart slug (D:4)
  7 orcs
  7 endoplasms
  6 giant cockroaches
  6 goblins
  6 hobgoblins
  12 jackals
  2 quokkas
  9 ball pythons
  8 bats
  4 frilled lizards
  3 kobolds (D:4)
  2 rats
111 creatures vanquished.

Vanquished Creatures (collateral kills)
  An orc wizard (D:5)
  2 gnolls (D:6)
  An orc (D:5)
4 creatures vanquished.

Vanquished Creatures (others)
  A gnoll shaman (D:6)
  A howler monkey skeleton (D:7)
  An orc (D:4)
3 creatures vanquished.

Grand Total: 118 creatures vanquished

Notes
Turn   | Place    | Note
-------+----------+-------------------------------------------
     0 | D:1      | Illumine the Mummy Monk began the quest for the Orb.
     0 | D:1      | Reached XP level 1. HP: 18/18 MP: 1/1
   270 | D:1      | Reached XP level 2. HP: 11/24 MP: 2/2
   441 | D:1      | Reached skill level 3 in Maces & Flails
   701 | D:1      | Found a faded altar of an unknown god.
   783 | D:1      | Reached XP level 3. HP: 29/29 MP: 3/3
  2362 | D:3      | Found a transporter.
  2362 | D:3      | Noticed an ogre
  2362 | D:3      | Noticed an ogre
  2362 | D:3      | Noticed afterthought's ghost (weakling MfFi)
  2363 | D:3      | Found a transporter.
  2429 | D:3      | Reached XP level 4. HP: 35/35 MP: 4/4
  2538 | D:3      | You fall into a shaft and drop 1 floor!
  2558 | D:4      | Noticed Natasha
  2573 | D:4      | Killed Natasha
  2574 | D:4      | Reached skill level 1 in Armour
  2632 | D:4      | Noticed Eustachio
  2789 | D:4      | Noticed Natasha
  2802 | D:4      | Killed Natasha
  2803 | D:4      | Reached skill level 4 in Maces & Flails
  2951 | D:4      | You fall into a shaft and drop 2 floors!
  3013 | D:6      | Reached XP level 5. HP: 41/41 MP: 5/5
  3394 | D:5      | Entered Level 5 of the Dungeon
  3394 | D:5      | Noticed an ogre
  3407 | D:5      | Killed an ogre
  3408 | D:5      | Reached XP level 6. HP: 40/47 MP: 6/6
  3721 | D:5      | Noticed a sky beast
  4346 | D:5      | Found a staircase to the Ecumenical Temple.
  4352 | Temple   | Entered the Ecumenical Temple
  4537 | Temple   | Became a worshipper of Ru the Awakened
  4546 | Temple   | Gained mutation: You are hated by all. [Ru sacrifice]
  4546 | Temple   | Reached * piety under Ru
  4546 | Temple   | Reached ** piety under Ru
  4601 | D:5      | Reached skill level 5 in Maces & Flails
  4828 | D:5      | Reached XP level 7. HP: 23/54 MP: 7/7
  5479 | D:4      | Noticed Natasha
  5497 | D:4      | Killed Natasha
  5515 | D:4      | Killed Eustachio
  5516 | D:4      | Reached skill level 1 in Throwing
  6439 | D:4      | Reached skill level 6 in Maces & Flails
  7074 | D:5      | Reached XP level 8. HP: 18/61 MP: 8/8
  7707 | D:6      | Reached skill level 5 in Fighting
  9168 | D:6      | Gained mutation: You cannot study or cast Earth magic. [Ru
                  | sacrifice]
  9168 | D:6      | Gained mutation: You cannot study or cast Hexes magic. [Ru
                  | sacrifice]
  9168 | D:6      | Gained mutation: You cannot study or cast Necromancy magic.
                  | [Ru sacrifice]
  9168 | D:6      | Reached *** piety under Ru
  9633 | D:7      | Noticed a slime creature
  9633 | D:7      | Noticed a slime creature
  9633 | D:7      | Noticed a slime creature
  9633 | D:7      | Noticed a slime creature
  9685 | D:7      | Noticed a hornet
  9705 | D:7      | Slain by a hornet

Illustrated notes

Levels and vault maps discovered:
D:1:      minmay_arrival_four_loops, layout_basic,
          shapermc_ecumenical_altar_venn
D:2:      layout_basic, kennysheep_generic_room_8
D:3:      layout_rooms, gammafunk_ghost_smash, grunt_ministairs_5
D:4:      layout_loops_corners, chequers_ossuary_entry_cave,
          minmay_misc_feat_square, minivault_1, uniq_eustachio, uniq_natasha
D:5:      layout_gridville, minmay_temple_entry_hall, fountainhead
D:6:      layout_layer_cave
D:7:      layout_gridville, uniq_pikel
Temple:   roderic_octagonal_lattice_temple

Skill      XL: |  1  2  3  4  5  6  7  8 |
---------------+-------------------------+-----
Maces & Flails | 3 4 5 6 |  6.9
Armour         | 1 2 3 4 |  4.0
Fighting       | 4 5 |  5.4
Throwing       | 1 2 |  2.7
Dodging        | |  2.7
Stealth        | |  1.5

Action                   |  1- 3 |  4- 6 |  7- 9 || total
-------------------------+-------+-------+-------++-------
Melee: Mace              |   127 |   108 |   277 ||   512
Throw: Dart              |       |    34 |    43 ||    77
       Javelin           |       |       |     1 ||     1
Invok: Sacrifice Love    |       |     1 |       ||     1
       Draw Out Power    |       |       |     1 ||     1
       Sacrifice Arcana  |       |       |     1 ||     1
  Use: Scroll            |       |     1 |     3 ||     4
 Stab: Sleeping          |     2 |       |       ||     2
       Invisible         |       |       |     3 ||     3
       Distracted        |       |       |     1 ||     1
Armor: Robe              |    16 |       |       ||    16
       Plate armour      |    41 |    82 |   275 ||   398
Dodge: Dodged            |    96 |    41 |    86 ||   223
       Repelled          |       |       |     2 ||     2
